 Dungeon Crawl Stone Soup version 0.26-a0-664-gc8b27b8fc1 (webtiles) character file.

Game seed: 9236973663256812061

2309 PentaManta the Nimble (level 9, -11/43 HPs)
             Began as a Spriggan Berserker on Oct 13, 2020.
             Was a High Priest of Trog.
             Killed from afar by Erica (28 damage)
             ... with a lance of force
             ... on level 8 of the Dungeon.
             The game lasted 00:18:11 (9547 turns).

PentaManta the Nimble (Spriggan Berserker)          Turns: 9547, Time: 00:18:15

Health: -11/43     AC:  9    Str: 19    XL:     9   Next: 18%
Magic:  10/10      EV: 28    Int:  8    God:    Trog [*****.]
Gold:   287        SH: 10    Dex: 19    Spells: 8/8 levels left

rFire    . . .     SeeInvis +   a - +1 short sword (venom)
rCold    . . .     Faith    .   l - +3 buckler
rNeg     . . .     Spirit   .   b - +1 animal skin
rPois    .         Reflect  .   t - +2 hat
rElec    .         Harm     .   (no cloak)
rCorr    .         Rampage  .   (gloves unavailable)
MR       +++..                  (boots unavailable)
Stlth    ++........             (no amulet)
HPRegen  1.14/turn              f - +6 ring of strength
MPRegen  0.12/turn              p - +4 ring of protection

@: lethally poisoned (-11 -> -11), berserk cooldown, regenerating, slowed, quick
A: very small, unfitting armour, see invisible, speed 3
a: Berserk, Trog's Hand, Brothers in Arms, Renounce Religion


You were on level 8 of the Dungeon.
You worshipped Trog.
Trog was extremely pleased with you.
You visited 2 branches of the dungeon, and saw 9 of its levels.

You collected 308 gold pieces.
You spent 21 gold pieces at shops.

Inventory:

Hand Weapons
 a - a +1 short sword of venom (weapon)
 m - a +0 vampiric dagger
Missiles
 h - 2 throwing nets (quivered)
Armour
 b - a +1 animal skin (worn)
 d - a +0 robe of magic resistance
 l - a +3 buckler (worn)
 t - a +2 hat (worn)
Jewellery
 f - a +6 ring of strength (left hand)
 p - a +4 ring of protection (right hand)
 x - an uncursed ring of ice
 B - an uncursed ring of ice
 E - an uncursed ring of poison resistance
Wands
 v - a wand of digging (5)
 D - a wand of flame (8)
Scrolls
 e - 2 scrolls of teleportation
 i - a scroll of fear
 n - a scroll of identify
 o - a scroll of fog
 q - 2 scrolls of remove curse
 w - a scroll of acquirement {unknown}
Potions
 c - 2 potions of might
 g - 2 potions of curing
 j - 3 potions of flight
 k - a potion of stabbing
 r - a potion of ambrosia {unknown}
 s - a potion of berserk rage {unknown}
 u - 3 potions of heal wounds
 A - a potion of cancellation


   Skills:
 - Level 2.4 Fighting
 * Level 9.6 Short Blades
 + Level 11.1 Dodging
 * Level 3.9 Shields


You had 8 spell levels left.
You didn't know any spells.
Your spell library was empty.

Dungeon Overview and Level Annotations

Branches:
Dungeon (8/15)             Temple (1/1) D:7
   Lair: D:8-11

Altars:
Ashenzari
Cheibriados
Dithmenos
Elyvilon
Fedhas
Gozag
Hepliaklqana
Kikubaaqudgha
Makhleb
Nemelex Xobeh
Okawaru
Qazlal
Ru
Sif Muna
Trog
Uskayaw
Vehumet
Wu Jian
Xom
Yredelemnul
Zin
The Shining One

Shops:
D:6 =   D:7 *   D:8 *

Annotations:
D:3 2 runed translucent doors, DogServant's ghost, amateur GnTm
D:8 Erica


Innate Abilities, Weirdness & Mutations

You are very small and have problems with some larger weapons.
You are too small for most types of armour.
You have supernaturally acute eyesight. (SInv)
You cover ground extremely quickly.


Message History

Erica casts a spell at you. The lance of force hits you!
You are knocked back by the lance of force.
You feel a strong urge to attack something.
You are no longer berserk.
You are exhausted.
You feel yourself slow down.
You feel sick.
You block the bullfrog skeleton's attack.
You hit the bullfrog skeleton.
The bullfrog skeleton is lightly damaged.
You feel sick.
You block the bullfrog skeleton's attack.
You puncture the bullfrog skeleton!
The bullfrog skeleton is moderately damaged.
You feel sick.
The bullfrog skeleton closely misses you.
Erica casts a spell at you. The lance of force hits you!!
Ouch! That really hurt!
You die...

.......)...#
#.#....+..........
##########.#
#.#....#...#######
# #.#
#.#....'....#
##########.#
#.##...#....#
........<..#
#.######....#
############ #.#
#....# # # #.#
####.# # #.###.#
#.# #
#....@####### #.#
# #....@Z......
..# #
#.....####### #
#..>..# #.....#
#...... #......
#####... ####


You could see Erica (extremely poisoned) and a bullfrog skeleton.

Vanquished Creatures
  2 water moccasins
  A black bear (D:7)
  An orc warrior (D:7)
  2 ice beasts (D:7)
  A sky beast (D:6)
  A phantom (D:8)
  A centaur (D:6)
  An ogre (D:7)
  3 bullfrogs
  2 howler monkeys
  7 orc priests
  A jelly (D:6)
  4 hounds
  A centaur skeleton (D:7)
  Terence (D:2)
  9 orc wizards
  5 worker ants
  A hound zombie (D:7)
  8 gnolls
  A howler monkey skeleton (D:7)
  4 adders
  2 shadow imps
  3 white imps
  An adder zombie (D:5)
  An adder skeleton (D:4)
  2 dart slugs
  5 leopard geckos
  24 orcs
  6 giant cockroaches
  10 goblins
  9 hobgoblins
  7 jackals
  8 quokkas
  4 ball pythons
  7 bats
  4 frilled lizards
  8 kobolds
  14 rats
172 creatures vanquished.

Vanquished Creatures (others)
  An orc wizard (D:4)
  21 plants (D:4)
22 creatures vanquished.

Grand Total: 194 creatures vanquished

Notes
Turn   | Place    | Note
-------+----------+-------------------------------------------
     0 | D:1      | PentaManta the Spriggan Berserker began the quest for the
                  | Orb.
     0 | D:1      | Reached XP level 1. HP: 11/11 MP: 2/2
   254 | D:1      | Reached XP level 2. HP: 10/16 MP: 3/3
   270 | D:1      | Reached skill level 5 in Dodging
   726 | D:1      | Reached ** piety under Trog
   776 | D:1      | Reached XP level 3. HP: 19/19 MP: 4/4
  1043 | D:2      | Found a burning altar of Makhleb.
  1175 | D:2      | Noticed Terence
  1195 | D:2      | Killed Terence
  1195 | D:2      | Reached skill level 6 in Dodging
  1195 | D:2      | Reached XP level 4. HP: 9/23 MP: 5/5
  1749 | D:2      | Found a shadowy altar of Dithmenos.
  1749 | D:2      | Found a basalt altar of Yredelemnul.
  2040 | D:2      | Found a shimmering altar of Xom.
  2615 | D:3      | Reached skill level 5 in Short Blades
  2615 | D:3      | Reached XP level 5. HP: 25/27 MP: 6/6
  2623 | D:3      | Reached skill level 7 in Dodging
  2781 | D:3      | Reached *** piety under Trog
  2872 | D:3      | Found a large runed translucent door.
  2872 | D:3      | Found a large runed translucent door.
  2874 | D:3      | Noticed DogServant's ghost (amateur GnTm)
  3704 | D:3      | Reached XP level 6. HP: 22/32 MP: 7/7
  3999 | D:4      | Reached skill level 8 in Dodging
  4748 | D:5      | Entered Level 5 of the Dungeon
  4763 | D:5      | Reached XP level 7. HP: 19/35 MP: 8/8
  5061 | D:5      | Reached skill level 9 in Dodging
  5547 | D:5      | Found a sparkling altar of Nemelex Xobeh.
  5763 | D:5      | Reached **** piety under Trog
  6028 | D:6      | Found a broken altar of Ashenzari.
  6506 | D:6      | Reached skill level 10 in Dodging
  6775 | D:6      | Reached skill level 1 in Shields
  6775 | D:6      | Reached XP level 8. HP: 22/39 MP: 9/9
  7025 | D:6      | Found Zuge's Jewellery Shoppe.
  7536 | D:6      | Found a blossoming altar of Fedhas.
  8095 | D:7      | Found a staircase to the Ecumenical Temple.
  8126 | Temple   | Entered the Ecumenical Temple
  8412 | D:7      | Found a stormy altar of Qazlal.
  8542 | D:7      | Found Zisyfah's Assorted Antiques.
  8545 | D:7      | Bought a fuming coppery potion for 21 gold pieces
  8721 | D:7      | Found a hazy altar of Hepliaklqana.
  8948 | D:7      | Reached skill level 11 in Dodging
  8948 | D:7      | Reached XP level 9. HP: 32/43 MP: 10/10
  9184 | D:8      | Reached ***** piety under Trog
  9463 | D:8      | Found Zin's Purification Station.
  9465 | D:8      | Found a glowing silver altar of Zin.
  9527 | D:8      | Noticed Erica
  9547 | D:8      | Killed from afar by Erica

Illustrated notes

Levels and vault maps discovered:
D:1:      dpeg_arrival_refuge, layout_loops_ring
D:2:      layout_basic, tgw_xom, overflow_temple_1_default,
          amethyst_overflow_temple_binary, uniq_terence
D:3:      layout_loops_cross, ebering_ghost_disaster_area
D:4:      layout_loops_ring, serial_bayou_lagoon_a
D:5:      layout_cave_pools, nemelex_lonely_heart_becter
D:6:      layout_loops_ring, nicolae_ashenzari_panopticon, kennysheep_diamond,
          kennysheep_small_spiral, fedhas_altar_4
D:7:      layout_basic, kennysheep_little_box, grunt_qazlal_sundering,
          minmay_temple_entry_offerings, serial_shops, nicolae_shop_behind_doors
D:8:      layout_basic, zin_purify, uniq_erica
Temple:   eino_temple_lava

Skill      XL: |  1  2  3  4  5  6  7  8 |
---------------+-------------------------+-----
Dodging        | 5 6 7 8 10 11 | 11.1
Short Blades   | 4 5 6 7 9 |  9.6
Shields        | 1 3 |  3.9
Fighting       | |  2.4

Action                   |  1- 3 |  4- 6 |  7- 9 || total
-------------------------+-------+-------+-------++-------
Melee: Short sword       |   131 |   242 |   289 ||   662
       Dagger            |       |   100 |   181 ||   281
Invok: Berserk           |     2 |     6 |     8 ||    16
       Trog's Hand       |       |     1 |     1 ||     2
  Use: Scroll            |       |     8 |    17 ||    25
 Stab: Sleeping          |     5 |     4 |     2 ||    11
Armor: Animal skin       |    12 |    28 |    25 ||    65
Dodge: Dodged            |   118 |   247 |   250 ||   615
Block: Buckler           |       |    25 |   102 ||   127

Table legend: (Time is in decaauts)
 A = Elapsed time spent in this place.
 B = Non-inter-level travel time spent in this place.
 C = Inter-level travel time spent in this place.
 D = Time resting spent in this place.
 E = Time spent auto-exploring this place.
 F = Levels seen in this place.
 G = Mean time per level.
                   A        B        C        D        E       F      G
               +--------+--------+--------+--------+--------+-----+--------+
         Total |   7600 |   7450 |    150 |   1208 |   4951 |   9 |  844.4 |
       Dungeon |   7440 |   7296 |    144 |   1201 |   4807 |   8 |  930.0 |
        Temple |    160 |    154 |      6 |      7 |    144 |   1 |  160.0 |
               +--------+--------+--------+--------+--------+-----+--------+

Top non-repeatable levels by time:
     D:6: 1440 daAuts
     D:2: 1248 daAuts
     D:3: 1029 daAuts
     D:5: 1012 daAuts
     D:4: 896 daAuts
     D:1: 792 daAuts
     D:7: 733 daAuts
     D:8: 288 daAuts
  Temple: 160 daAuts
